 Dungeon Crawl Stone Soup version 0.19.0 (webtiles) character file.

8963 Alarkh the Thaumaturge (level 11, -3/67 HPs)
             Began as a Mummy Summoner on Nov 1, 2016.
             Was a Believer of Hepliaklqana.
             Slain by a freezing wraith (8 damage)
             ... led by a death knight
             ... on level 10 of the Dungeon.
             The game lasted 00:39:53 (14726 turns).

Alarkh the Thaumaturge (Mummy Summoner)            Turns: 14726, Time: 00:39:54

Health: -3/67      AC: 11    Str: 12    XL:     11   Next: 16%
Magic:  1/25       EV: 12    Int: 21    God:    Hepliaklqana [**....]
Gold:   570        SH:  0    Dex: 12    Spells: 8 memorised, 9 levels left

rFire  . . .     SeeInvis .     a - +3 quarterstaff
rCold  + . .     Gourm    .     q - +3 leather armour {rF+}
rNeg   + + +     Faith    .     (shield currently unavailable)
rPois  ∞         Spirit   .     (no helmet)
rElec  .         Reflect  .     (no cloak)
rCorr  +         Harm     .     f - +2 pair of gloves
MR     +....                    t - +1 pair of boots
Stlth  +.........               (no amulet)
                                M - ring of resist corrosion
                                s - +3 ring of intelligence

@: slowed, repel missiles, very slow
A: no food or potions, fire vulnerability, reduced essence, cold resistance 1,
negative energy resistance 3, torment resistance, unbreathing
a: Recall Ancestor, Ancestor Identity, Renounce Religion


You were on level 10 of the Dungeon.
You worshipped Hepliaklqana.
Hepliaklqana was pleased with you.
You were not hungry.

You visited 2 branches of the dungeon, and saw 12 of its levels.
You also visited: Ossuary.

You collected 655 gold pieces.
You spent 85 gold pieces at shops.

Inventory:

Hand Weapons
 a - a +3 quarterstaff (weapon)
 d - a -3 short sword
 i - a +0 long sword
 m - a +2 dagger of venom
Armour
 f - a +2 pair of gloves (worn)
 q - a +3 leather armour of fire resistance (worn)
 t - a +1 pair of boots (worn)
 x - the +7 Kryia's mail coat {DeviceHeal*2 rC+}
   (You found it on level 6 of the Dungeon)

   It protects you from cold.
 H - a +1 robe
Magical Staves
 N - an uncursed staff of power
Jewellery
 s - a +3 ring of intelligence (left hand)
 u - an uncursed ring of teleportation
 J - an uncursed amulet of harm
 M - a ring of resist corrosion (right hand)
Wands
 j - a wand of iceblast (8/15)
 n - a wand of random effects (15/48)
 z - a wand of acid (10/15)
 B - a wand of slowing (40/48)
 D - a wand of lightning (6/15)
 L - a wand of polymorph (12/24)
Scrolls
 c - 3 scrolls of enchant armour
 e - a scroll of identify
 g - 3 scrolls of teleportation
 h - 8 scrolls of recharging
 k - a scroll of holy word
 l - 2 scrolls of random uselessness
 o - 3 scrolls of magic mapping {unknown}
 p - 5 scrolls of immolation
 r - 4 scrolls of fog {unknown}
 v - 3 scrolls of remove curse
 w - a scroll of enchant weapon {unknown}
 C - a scroll of silence {unknown}
 E - a scroll of fear {unknown}
 F - 2 scrolls of amnesia {unknown}
 G - a scroll of acquirement {unknown}
 I - a scroll of noise {unknown}
Books
 b - a book of Callings

   Spells                             Type                      Level
   a - Summon Small Mammal            Summoning                    1
   b - Call Imp                       Summoning                    2
   c - Call Canine Familiar           Summoning                    3
   d - Summon Guardian Golem          Hexes/Summoning              3
   e - Summon Lightning Spire         Summoning/Air                4
   f - Summon Ice Beast               Ice/Summoning                4
 y - a book of Minor Magic

   Spells                             Type                      Level
   a - Magic Dart                     Conjuration                  1
   b - Blink                          Translocation                2
   c - Call Imp                       Summoning                    2
   d - Repel Missiles                 Charms/Air                   2
   e - Slow                           Hexes                        2
   f - Conjure Flame                  Conjuration/Fire             3
   g - Mephitic Cloud                 Conjuration/Poison/Air       3
 K - a book of Changes

   Spells                             Type                      Level
   a - Beastly Appendage              Transmutation                1
   b - Sticks to Snakes               Transmutation                2
   c - Spider Form                    Transmutation/Poison         3
   d - Ice Form                       Ice/Transmutation            4
   e - Blade Hands                    Transmutation                5


   Skills:
 + Level 3.1 Fighting
 * Level 2.7 Staves
 + Level 2.4 Armour
 + Level 2.9 Dodging
 - Level 1.5 Stealth
 + Level 10.3 Spellcasting
 + Level 2.6 Conjurations
 + Level 10.0 Summonings


You had 9 spell levels left.
You knew the following spells:

 Your Spells              Type           Power        Failure   Level  Hunger
a - Call Canine Familiar  Summ           ######..     1%          3    N/A
b - Blink                 Tloc           N/A          14%         2    N/A
c - Summon Guardian Gole  Hex/Summ       ####....     3%          3    N/A
d - Repel Missiles        Chrm/Air       ##....       14%         2    N/A
e - Summon Ice Beast      Ice/Summ       ####....     12%         4    N/A
f - Summon Small Mammal   Summ           ####         1%          1    N/A
g - Conjure Flame         Conj/Fire      ###.....     17%         3    N/A
h - Mephitic Cloud        Conj/Pois/Air  ##......     21%         3    N/A

Dungeon Overview and Level Annotations

Branches:
Dungeon (11/15)            Temple (1/1) D:7
   Lair: D:8-11         Orc: D:9-12

Altars:
Ashenzari
Cheibriados
Dithmenos
Elyvilon
Fedhas
Gozag
Hepliaklqana
Kikubaaqudgha
Makhleb
Nemelex Xobeh
Okawaru
Qazlal
Ru
Sif Muna
Trog
Uskayaw
Vehumet
Xom
Yredelemnul
Zin
The Shining One

Shops:
D:4 *}   D:5 *


Innate Abilities, Weirdness & Mutations

You do not eat or drink.
Your flesh is vulnerable to fire.
You are immune to poison.
Your flesh is cold resistant. (rC+)
You are immune to negative energy. (rN+++)
You are immune to unholy pain and torment.
You can survive without breathing.
Your life essence is reduced. (-10% HP)


Message History

Your wolf's corpse disappears in a puff of smoke!
Casting: Call Canine Familiar
Confirm with . or Enter, or press ? or * to list all spells.
Unknown command.
Your wolf bites the freezing wraith but does no damage.
The freezing wraith hits your wolf! The freezing wraith freezes your wolf!
Your wolf dies!
Your wolf's corpse disappears in a puff of smoke!
Casting: Call Canine Familiar
Confirm with . or Enter, or press ? or * to list all spells.
Appius emerges from the mists of memory!
The freezing wraith hits you.
* * * LOW HITPOINT WARNING * * *
The freezing wraith freezes you! You resist.
* * * LOW HITPOINT WARNING * * *
The freezing wraith completely misses you.
Unknown command.
Appius closely misses the freezing wraith.
Your wolf bites the freezing wraith.
The freezing wraith hits you!
You die...

# #.# ###.# # #.# #...#
# #.# #.### ###.####
#.# .......#
##'########
.......######.........#
............#.....[...#
.......####.#...[...:.#
.......# #.'...@Wh...#
.......# ###...R.....#
.......# ######'####
.......# #.# .......#
#.# ###.#### #.# # #.#
#.# # #.# #.# # #.# #.#


You could see the friendly Appius the hexer, a freezing wraith and a friendly
wolf.

Vanquished Creatures
  A gargoyle (D:11)
  A yak (D:9)
  A sky beast (D:5)
  2 ice beasts
  An ogre (D:5)
  A phantom (D:10)
  2 centaurs
  4 scorpions
  2 killer bees (D:9)
  A wight (D:7)
  2 howler monkeys
  2 crimson imps
  2 centaur zombies
  5 orc priests
  A hound (D:10)
  An orc wizard (D:10)
  A quasit (D:11)
  2 bullfrog skeletons
  A centaur skeleton (D:7)
  2 jellies
  2 iguanas
  Natasha (D:2)
  3 worker ants
  3 mummies (Ossuary)
  3 adders
  An adder skeleton (D:8)
  2 leopard geckos
  15 orcs
  A bat (D:1)
  4 giant cockroaches
  12 goblins
  6 hobgoblins
  7 jackals
  4 frilled lizards
  A goblin zombie (Ossuary)
  A jackal zombie (Ossuary)
  2 kobolds
  A kobold zombie (Ossuary)
  An orc zombie (Ossuary)
  2 rats (D:2)
107 creatures vanquished.

Vanquished Creatures (collateral kills)
  Erolcha (D:11)
  A hydra (D:11)
  The ghost of Gorglomux the Archer, a novice CeHu of Okawaru (D:9)
  A death yak (D:9)
  A hill giant (D:10)
  A manticore (D:11)
  A hornet (D:11)
  2 hippogriffs
  A two-headed ogre (D:11)
  A spriggan (D:8)
  10 yaks
  A wraith (D:9)
  2 vampire mosquitoes (D:10)
  4 orc warriors
  2 sky beasts
  An ice beast (D:8)
  2 phantoms
  7 ogres
  A centaur (D:9)
  A crocodile (D:9)
  A big kobold (D:9)
  7 bullfrogs
  A wyvern zombie (D:8)
  A water moccasin zombie (D:10)
  A scorpion (D:6)
  3 killer bees (D:9)
  14 wights
  2 howler monkeys (D:9)
  2 crimson imps
  2 hounds (D:9)
  3 orc priests
  A centaur skeleton (D:9)
  A gnoll shaman (D:10)
  5 orc wizards
  2 bullfrog skeletons
  Natasha (twice) (D:2)
  2 iguanas
  4 worker ants
  A big kobold zombie (Ossuary)
  A hound zombie (D:9)
  A mummy (Ossuary)
  3 gnolls (D:8)
  A worker ant zombie (D:7)
  9 adders
  An ooze (D:2)
  An adder skeleton (D:7)
  A dart slug (D:2)
  2 leopard geckos
  38 orcs
  4 bats
  14 giant cockroaches
  8 goblins
  9 hobgoblins
  4 jackals
  2 quokkas
  3 frilled lizards
  2 goblin zombies (Ossuary)
  A hobgoblin zombie (Ossuary)
  2 jackal zombies (Ossuary)
  8 kobolds
  A leopard gecko skeleton (D:3)
  A leopard gecko zombie (D:9)
  An orc zombie (Ossuary)
  A quokka skeleton (D:5)
  4 rats
  A rat zombie (Ossuary)
221 creatures vanquished.

Vanquished Creatures (others)
  A yak (D:9)
  The ghost of KarmaPolice the Vandal, an amateur HaHu (D:3)
  A hound (D:9)
  An orc wizard (D:9)
  6 hexers
  5 ancestors (D:9)
15 creatures vanquished.

Grand Total: 343 creatures vanquished

Notes
Turn   | Place    | Note
-------+----------+-------------------------------------------
     0 | D:1      | Alarkh the Mummy Summoner began the quest for the Orb.
     0 | D:1      | Reached XP level 1. HP: 13/13 MP: 3/3
   550 | D:1      | Reached XP level 2. HP: 17/19 MP: 1/5
  1254 | D:2      | Found a burning altar of Makhleb.
  1337 | D:2      | Reached XP level 3. HP: 21/24 MP: 2/7
  1491 | D:2      | Learned a level 3 spell: Call Canine Familiar
  1800 | D:3      | Noticed a phantom
  1805 | D:3      | Noticed Natasha
  1837 | D:3      | Noticed KarmaPolice's ghost (amateur HaHu)
  1845 | D:2      | Learned a level 3 spell: Summon Guardian Golem
  2061 | D:3      | Noticed an ogre
  2097 | D:3      | Killed an ogre
  2097 | D:3      | Reached XP level 4. HP: 26/30 MP: 0/9
  2743 | D:1      | Reached XP level 5. HP: 27/35 MP: 7/10
  2834 | D:2      | Killed Natasha
  3179 | D:2      | Noticed Natasha
  3215 | D:2      | Killed Natasha
  3436 | D:2      | Found a burning altar of Makhleb.
  3549 | D:2      | Noticed Natasha
  3558 | D:2      | Killed Natasha
  3775 | D:3      | Killed KarmaPolice's ghost
  4388 | D:4      | Noticed an ogre
  4395 | D:4      | Reached XP level 6. HP: 41/41 MP: 10/12
  4404 | D:4      | Reached skill level 5 in Summonings
  4422 | D:4      | Found Jootang's Assorted Antiques.
  4425 | D:4      | Bought a glowing glass wand for 68 gold pieces
  4425 | D:4      | Bought a scroll labeled VANEIF NARIO for 17 gold pieces
  4736 | D:4      | Found Qaujil's Gadget Shop.
  4942 | D:4      | Reached skill level 5 in Spellcasting
  4948 | D:4      | Learned a level 4 spell: Summon Ice Beast
  5041 | D:5      | Entered Level 5 of the Dungeon
  5076 | D:5      | Found Tail's General Store.
  5147 | D:5      | Reached XP level 7. HP: 42/46 MP: 14/14
  6264 | D:6      | Found a sand-covered staircase.
  6362 | Ossuary  | Entered an ossuary
  6425 | Ossuary  | Reached XP level 8. HP: 31/52 MP: 10/17
  7417 | D:6      | Got a dazzling chain mail
  7428 | D:6      | Identified the cursed +0 chain mail of Piumm {rC+ Int-3 Dex+2} (You found it on level 6 of the Dungeon)
  7657 | D:7      | Learned a level 2 spell: Blink
  7660 | D:7      | Learned a level 2 spell: Repel Missiles
  9171 | D:7      | Found a staircase to the Ecumenical Temple.
  9180 | Temple   | Entered the Ecumenical Temple
  9290 | Temple   | Became a worshipper of Hepliaklqana the Forgotten
  9581 | D:8      | Found an opulent altar of Gozag.
  9640 | D:8      | Reached XP level 9. HP: 13/51 MP: 17/20
 10119 | D:8      | Found an opulent altar of Gozag.
 10395 | D:8      | Reached * piety under Hepliaklqana
 10411 | D:8      | Found a glowing silver altar of Zin.
 10602 | D:9      | Found a shimmering altar of Xom.
 11279 | D:9      | Noticed Gorglomux's ghost (novice CeHu)
 11288 | D:9      | Killed Gorglomux's ghost
 11360 | D:9      | Reached XP level 10. HP: 37/56 MP: 19/23
 11805 | D:8      | Learned a level 3 spell: Conjure Flame
 11809 | D:8      | Learned a level 3 spell: Mephitic Cloud
 11898 | D:9      | Reached skill level 1 in Fighting
 12094 | D:9      | Reached ** piety under Hepliaklqana
 12095 | D:9      | Remembered your ancestor Appius as a hexer
 12104 | D:9      | Reached skill level 10 in Spellcasting
 12104 | D:9      | Reached skill level 1 in Conjurations
 12145 | D:9      | Reached skill level 1 in Armour
 12178 | D:9      | Noticed a death yak
 12190 | D:9      | Killed a death yak
 12514 | D:10     | Entered Level 10 of the Dungeon
 12796 | D:10     | Noticed a hill giant
 12814 | D:10     | Killed a hill giant
 12825 | D:10     | Reached skill level 1 in Staves
 13372 | D:11     | Noticed a gargoyle
 13384 | D:11     | Killed a gargoyle
 13392 | D:11     | Noticed Erolcha
 13524 | D:11     | Killed Erolcha
 13524 | D:11     | Reached XP level 11. HP: 66/66 MP: 18/25
 13548 | D:11     | Noticed an eight-headed hydra
 13573 | D:11     | Reached skill level 10 in Summonings
 13980 | D:11     | Killed an eight-headed hydra
 14101 | D:11     | Noticed a death knight
 14108 | D:11     | Noticed a skeletal warrior
 14726 | D:10     | Slain by a freezing wraith

Skill      XL: |  1  2  3  4  5  6  7  8  9 10 11 |
---------------+----------------------------------+-----
Spellcasting   | 3 4 5 6 7 9 10 | 10.3
Summonings     | 4 5 6 7 9 10 | 10.0
Fighting       | 2 3 |  3.1
Conjurations   | 2 |  2.6
Armour         | 2 |  2.4
Dodging        | 2 |  2.9
Staves         | 2 |  2.7
Stealth        | |  1.5

Action                   |  1- 3 |  4- 6 |  7- 9 | 10-12 || total
-------------------------+-------+-------+-------+-------++-------
Melee: Short sword       |   159 |   130 |       |       ||   289
       Unarmed           |     3 |       |       |       ||     3
       Dagger            |       |    36 |    66 |    19 ||   121
       Long sword        |       |       |   244 |    72 ||   316
       Quarterstaff      |       |       |       |    78 ||    78
 Cast: Summon Small Mamm |    48 |       |       |       ||    48
       Call Canine Famil |    10 |    32 |    72 |    42 ||   156
       Summon Guardian G |     4 |    10 |     4 |       ||    18
       Summon Ice Beast  |       |       |     3 |    31 ||    34
       Repel Missiles    |       |       |       |     1 ||     1
Invok: Recall Ancestor   |       |       |     1 |       ||     1
       Ancestor Life: He |       |       |       |     1 ||     1
  Use: Scroll            |     5 |     2 |     5 |     7 ||    19
 Stab: Distracted        |     1 |     2 |     3 |     2 ||     8
       Sleeping          |     3 |       |     2 |       ||     5
Armor: Robe              |    88 |    58 |       |       ||   146
       Leather armour    |       |     5 |   188 |    85 ||   278
Dodge: Dodged            |   149 |   140 |   224 |   116 ||   629
       Deflected         |       |       |       |     1 ||     1
       Rpst.: Long sword |       |       |    67 |    11 ||    78
